 Dungeon Crawl Stone Soup version 0.29.1-1-gd02db6906a (webtiles) character file.

Game seed: 12436358636535526257

3859 HeroicFeet the Destroyer (level 9, -2/62 HPs)
             Began as a Demigod Conjurer on Oct 21, 2022.
             Shot with an arrow by a centaur warrior (6 damage)
             ... on level 8 of the Dungeon.
             The game lasted 00:31:40 (9434 turns).

HeroicFeet the Destroyer (Demigod Conjurer)         Turns: 9434, Time: 00:31:41

Health: -2/62      AC: 11    Str:  8    XL:     9   Next: 67%
Magic:  23/34      EV: 11    Int: 32    God:
Gold:   274        SH:  0    Dex: 12    Spells: 13/25 levels left

rFire   . . .      SeeInvis .   I - staff of conjuration
rCold   . . .      Faith    .   (no shield)
rNeg    . . .      Spirit   .   f - +0 leather armour
rPois   .          Reflect  .   k - +2 helmet
rElec   .          Harm     .   w - +0 cloak
rCorr   .          Rampage  .   o - +0 pair of gloves
Will    .....                   z - +2 pair of boots
Stlth   ++........              H - amulet of the acrobat
HPRegen 0.20/turn               c - ring of magical power
MPRegen 0.24/turn               d - ring of wizardry

@: no status effects
A: high MP 1, forlorn, divine attributes
a: no special abilities


You were on level 8 of the Dungeon.
You visited 1 branch of the dungeon, and saw 8 of its levels.

You collected 370 gold pieces.
You spent 96 gold pieces at shops.

Inventory:

Hand Weapons
 m - a +3 dagger of flaming
Missiles
 a - 5 curare-tipped darts
 g - 4 atropa-tipped darts
Armour
 f - a +0 leather armour (worn)
 k - a +2 helmet (worn)
 o - a +0 pair of gloves (worn)
 w - a +0 cloak (worn)
 z - a +2 pair of boots (worn)
Magical Staves
 I - a staff of conjuration (weapon)
Jewellery
 c - a ring of magical power (left hand)
 d - a ring of wizardry (right hand)
 s - a ring of positive energy
 E - a +6 ring of strength
 H - an amulet of the acrobat (around neck)
Wands
 A - a wand of flame (7)
Scrolls
 e - 2 scrolls of teleportation
 i - a scroll of enchant weapon
 l - a scroll of vulnerability
 n - a scroll of identify
 p - 3 scrolls of blinking
 t - a scroll of silence
 y - 3 scrolls of butterflies
 F - 2 scrolls of magic mapping
Potions
 b - 2 potions of magic
 h - a potion of flight
 j - a potion of invisibility
 q - 4 potions of heal wounds
 r - 4 potions of curing
 u - a potion of haste
 v - 2 potions of brilliance


   Skills:
 - Level 2.0 Dodging
 - Level 2.0 Stealth
 + Level 8.7 Spellcasting
 + Level 10.0 Conjurations


You had 13 spell levels left.
You knew the following spells:

 Your Spells              Type           Power      Damage    Failure   Level
a - Magic Dart            Conj           100%       1d8       1%          1
b - Searing Ray           Conj           100%       2d8       1%          2
c - Fulminant Prism       Conj/Hex       31%        3d16      2%          4
d - Iskenderun's Mystic   Conj/Tloc      62%        2d13      2%          4
g - Apportation           Tloc           28%        N/A       1%          1

Your spell library contained the following spells:

 Spells                   Type           Power      Damage    Failure   Level
 Necrotise                Necr           56%        1d6       1%          1
 Summon Small Mammal      Summ           56%        N/A       1%          1
 Static Discharge         Conj/Air       62%        3-11/arc  1%          2
 Conjure Flame            Conj/Fire      62%        6-21      1%          3
 Dazzling Flash           Conj/Hex       100%       N/A       1%          3
 Sticky Flame             Conj/Fire      62%        2d8       2%          4
 Ignite Poison            Fire/Tmut/Pois 14%        N/A       6%          3
 Dispel Undead            Necr           14%        3d10      21%         4
 Borgnjor's Revivificati  Necr           7%         N/A       100%        8
 Necromutation            Tmut/Necr      7%         N/A       100%        8
 Death's Door             Necr           7%         N/A       100%        9


Dungeon Overview and Level Annotations

Branches:
Dungeon (8/15)             Temple (0/1) D:4
   Lair: D:8-11

Shops:
D:7 !

Annotations:
D:1 2 transporters


Innate Abilities, Weirdness & Mutations

You have an increased reservoir of magic. (+10% MP)
You shall have no god before yourself.
Your divine heritage dramatically boosts your attributes as you level up.


Message History

The blast of energy engulfs the centaur warrior!!
The centaur warrior is moderately wounded.
You hear an angry growl.
You hear a shout! x3; You hear a croak.
You hear a shout!
You hear an angry buzzing noise.
You hear a shout!
Unknown command.
Casting: Fulminant Prism (dangerous; 2% risk of failure)
Confirm with . or Enter, or press ? or * to list all spells.
Aiming: Fulminant Prism (dangerous; 2% risk of failure)
Press: ? - help, Dir - move target You feel a surge of power!
You conjure a prism of explosive energy!
A fulminant prism comes into view.
Unknown command.
The centaur warrior shoots an arrow.
The arrow hits you! The arrow freezes you.
The centaur warrior shoots an arrow.
The arrow hits you! The arrow freezes you.
Your fulminant prism crackles loudly.
Unknown command.
Unknown command.
Your fulminant prism explodes!
You feel a bit more experienced.
The blast of energy engulfs the centaur warrior.
The centaur warrior is heavily wounded.
You feel a bit more experienced.
You hear an angry hiss.
You hear a shout! x2
Unknown command.
Unknown command.
Casting: Fulminant Prism (dangerous; 2% risk of failure)
Confirm with . or Enter, or press ? or * to list all spells.
Aiming: Fulminant Prism (dangerous; 2% risk of failure)
Press: ? - help, Dir - move target You feel a surge of power!
You conjure a prism of explosive energy!
A fulminant prism comes into view.
The centaur warrior shoots an arrow.
The arrow hits your fulminant prism!! The arrow freezes your fulminant prism.
Your fulminant prism detonates feebly.
The centaur warrior shoots an arrow.
The arrow hits you!!
* * * LOW HITPOINT WARNING * * *
The arrow freezes you.
You die...

## # .. ♣♣ ♣.#♣. ♣ ♣.... o♣
♣.#♣. ♣. .. ♣♣ #.
################# #
♣♣.♣♣♣.♣.♣.♣♣.♣♣.♣.♣.#♣♣
#♣.o.♣♣♣@♣.♣.♣.♣.♣O♣.♣#♣.
#....c..♣.♣.♣...♣.♣.♣.O..
#♣...♣♣♣.♣.♣.♣.♣.♣.♣O♣♣♣. ..
♣♣.♣♣♣.♣.♣.♣♣[♣♣.♣.♣.♣♣♣
..#############...#########
...............)...........†
............)......#..###.##
...............<............
....##...........##..#######


You could see a centaur warrior.

Vanquished Creatures
  A two-headed ogre (D:8)
  A manticore (D:6)
  A gargoyle (D:7)
  A hornet (D:6)
  A wyvern (D:7)
  A yak (D:7)
  An orc warrior (D:8)
  A sky beast (D:7)
  An ogre (D:5)
  2 centaurs
  2 phantoms (D:5)
  5 bullfrogs
  2 gnoll sergeants (D:6)
  3 scorpions
  2 howler monkeys
  7 hounds
  3 jellies
  Jessica (D:2)
  2 iguanas (D:6)
  4 orc wizards
  Natasha (D:3)
  9 gnolls (D:6)
  9 adders
  2 shadow imps
  4 white imps
  3 worms
  2 dart slugs
  24 orcs
  3 bats
  10 endoplasms
  3 giant cockroaches
  7 goblins
  6 hobgoblins
  4 jackals (D:4)
  8 kobolds
  3 quokkas
  11 ball pythons
  A frilled lizard (D:1)
  5 rats
157 creatures vanquished.

Vanquished Creatures (others)
  A human (D:6)
  An orc wizard (D:7)
  7 fulminant prisms
9 creatures vanquished.

Grand Total: 166 creatures vanquished

Notes
Turn   | Place    | Note
-------+----------+-------------------------------------------
     0 | D:1      | HeroicFeet the Demigod Conjurer began the quest for the
                  | Orb.
     0 | D:1      | Reached XP level 1. HP: 14/14 MP: 5/5
   264 | D:1      | Reached XP level 2. HP: 9/20 MP: 0/7
   802 | D:1      | Reached skill level 4 in Conjurations
  1558 | D:2      | Reached XP level 3. HP: 26/26 MP: 9/9
  1875 | D:2      | Noticed Jessica
  1877 | D:2      | Killed Jessica
  2046 | D:2      | Reached XP level 4. HP: 33/33 MP: 11/11
  2111 | D:2      | Learned a level 2 spell: Searing Ray
  3054 | D:3      | Noticed Natasha
  3057 | D:3      | Killed Natasha
  3397 | D:4      | Reached XP level 5. HP: 38/38 MP: 13/13
  3924 | D:4      | Found a staircase to the Ecumenical Temple.
  4177 | D:4      | Reached skill level 5 in Conjurations
  4373 | D:5      | Entered Level 5 of the Dungeon
  4535 | D:5      | Reached XP level 6. HP: 45/45 MP: 15/15
  5017 | D:5      | You fall into a shaft and drop 2 floors!
  5035 | D:7      | Reached skill level 6 in Conjurations
  5043 | D:7      | Noticed a wyvern
  5419 | D:6      | Noticed a manticore
  5437 | D:6      | Reached XP level 7. HP: 43/50 MP: 17/17
  5439 | D:6      | Reached skill level 5 in Spellcasting
  5448 | D:6      | HP: 3/75 [manticore (3)]
  5449 | D:6      | Killed a manticore
  5450 | D:6      | Reached skill level 7 in Conjurations
  6198 | D:5      | Reached XP level 8. HP: 45/57 MP: 15/20
  6615 | D:6      | Noticed a hornet
  6949 | D:6      | Reached skill level 8 in Conjurations
  7244 | D:6      | Killed a hornet
  7949 | D:7      | Learned a level 4 spell: Fulminant Prism
  7954 | D:7      | Learned a level 4 spell: Iskenderun's Mystic Blast
  7956 | D:7      | Learned a level 1 spell: Apportation
  8205 | D:7      | Reached XP level 9. HP: 56/62 MP: 24/24
  8417 | D:7      | Reached skill level 9 in Conjurations
  8471 | D:7      | Noticed a gargoyle
  8491 | D:7      | Killed a gargoyle
  8543 | D:7      | Found Rolyikh's Distillery.
  8551 | D:7      | Bought a potion of curing for 36 gold pieces
  8551 | D:7      | Bought a potion of heal wounds for 60 gold pieces
  9155 | D:8      | Noticed a two-headed ogre
  9346 | D:8      | Killed a two-headed ogre
  9347 | D:8      | Reached skill level 10 in Conjurations
  9427 | D:8      | Noticed a centaur warrior
  9434 | D:8      | Shot with an arrow by a centaur warrior

Illustrated notes

Levels and vault maps discovered:
D:1:      spicycebolla_arrival_transporter_tutorial, layout_basic,
          shapermc_ecumenical_altar_flowoftime
D:2:      layout_basic, basic_altar, minmay_cut_off, uniq_jessica
D:3:      layout_loops_cross, mainiacjoe_overflow_cross_hatched, uniq_natasha
D:4:      layout_loops_corners, mainiacjoe_overflow_tiny_flanked,
          minmay_temple_entry_fiery, grunt_decor_mini_mirrors
D:5:      layout_basic
D:6:      layout_basic, tgw_kikubaaqudgha
D:7:      layout_cave_pools, serial_shops, shop_fountains
D:8:      nzn_winding_woodlands_medium [nzn_winding_woodlands_5x5_three,
          nzn_winding_woodlands_5x15_twine, nzn_winding_woodlands_5x5_perimeter,
          nzn_winding_woodlands_5x5_closed_star,
          nzn_winding_woodlands_center_lodge,
          nzn_winding_woodlands_5x5_open_star,
          nzn_winding_woodlands_5x5_default,
          nzn_winding_woodlands_5x15_split_checker,
          nzn_winding_woodlands_5x5_default], layout_rooms,
          gammafunk_temple_overflow_pools

Skill      XL: |  1  2  3  4  5  6  7  8  9 |
---------------+----------------------------+-----
Dodging        | 2 |  2.0
Stealth        | 2 |  2.0
Spellcasting   | 2 3 4 6 7 8 |  8.7
Conjurations   | 4 5 6 7 8 10 | 10.0

Action                   |  1- 3 |  4- 6 |  7- 9 || total
-------------------------+-------+-------+-------++-------
Melee: Dagger            |     5 |     1 |       ||     6
       Flail             |       |       |     1 ||     1
 Cast: Magic Dart        |    82 |   129 |   205 ||   416
       Searing Ray       |       |     5 |    27 ||    32
       Fulminant Prism   |       |       |     7 ||     7
       Iskenderun's Myst |       |       |     3 ||     3
Evoke: Wand              |       |     2 |       ||     2
  Use: Potion            |       |     1 |     3 ||     4
       Scroll            |       |     1 |    17 ||    18
 Stab: Sleeping          |       |     1 |       ||     1
Armor: Leather armour    |     6 |    14 |    43 ||    63
       Robe              |     1 |       |       ||     1
       Skin              |       |       |    13 ||    13
Dodge: Dodged            |    10 |    23 |    59 ||    92
